[Event "29th Czech Open-Rapid 2018"]
[Site "Pardubice"]
[Date "2018.07.19"]
[Round "5"]
[White "Mosesov, Danylo"]
[Black "Biolek, Richard"]
[Result "1/2-1/2"]
[ECO "C45"]
[WhiteElo "2150"]
[BlackElo "2364"]
[Annotator "NA"]
[PlyCount "136"]
[EventDate "2018.07.18"]
[EventType "swiss"]
[EventCountry "CZE"]
[SourceTitle "playchess.com"]
[Source "ChessBase"]
[SourceQuality "1"]
[TimeControl "900+10"]

1. d4 Nc6 2. e4 e5 3. Nf3 exd4 4. Nxd4 Nf6 5. Nxc6 bxc6 6. e5 Qe7 7. Qe2 Nd5 8. c4 Ba6 9. h4 O-O-O 10. Bg5 f6 11. exf6 Nxf6 12. Qxe7 Bxe7 13. Nc3 Bb4 14. O-O-O Bxc3 15. bxc3 Rde8 16. Bd3 Ne4 17. Bxe4 Rxe4 18. Rhe1 Rhe8 19. Re3 Rxe3 20. Bxe3 Bxc4 21. Rd4 Bxa2 22. Ra4 Bd5 23. Rxa7 Re4 24. g3 h5 25. Ra8+ Kb7 26. Rh8 g6 27. Rf8 Re6 28. Kd2 Be4 29. Ke2 Bf5 30. Kd2 d6 31. Rf7 c5 32. Bg5 Re8 33. Bf4 Kc6 34. Bg5 Ra8 35. Ke3 Ra3 36. Bf6 d5 37. Kd2 d4 38. cxd4 cxd4 39. Be5 Kd5 40. Bxc7 Ra2+ 41. Kd1 Ke4 42. Bf4 Kd3 43. Kc1 Rc2+ 44. Kb1 Rxf2 45. Rc7 Ke2+ 46. Kb2 Kf3+ 47. Kb3 d3 48. Rc1 d2 49. Rd1 Kg4 50. Rxd2 Rxf4 51. gxf4 Kxh4 52. Rg2 Bg4 53. Kc3 Kh3 54. Rg1 Kh2 55. Ra1 Kg3 56. Kd2 Kxf4 57. Ke1 Kg3 58. Kf1 h4 59. Kg1 h3 60. Ra2 g5 61. Rb2 Bf3 62. Rc2 g4 63. Rb2 Kh4 64. Rb4 Kg3 65. Rb2 Be4 66. Re2 Kf3 67. Rf2+ Ke3 68. Kh2 Kxf2 1/2-1/2

[Event "29th Czech Open-Rapid 2018"]
[Site "Pardubice"]
[Date "2018.07.19"]
[Round "5"]
[White "Valenta, Vit"]
[Black "Hajek, Jiri"]
[Result "1-0"]
[ECO "B01"]
[WhiteElo "2144"]
[BlackElo "2024"]
[Annotator "NA"]
[PlyCount "65"]
[EventDate "2018.07.18"]
[EventType "swiss"]
[EventCountry "CZE"]
[SourceTitle "playchess.com"]
[Source "ChessBase"]
[SourceQuality "1"]
[TimeControl "900+10"]

1. e4 d5 2. exd5 Qxd5 3. Nc3 Qa5 4. g3 c6 5. Bg2 Bf5 6. Nf3 Nd7 7. O-O e6 8. d3 Ngf6 9. Re1 Be7 10. Nd4 O-O 11. Nxf5 Qxf5 12. Ne4 Rfd8 13. Bf4 e5 14. Be3 Nd5 15. Bd2 Re8 16. Qe2 Rad8 17. Nc3 Nxc3 18. Bxc3 Bc5 19. a4 f6 20. b4 Bd4 21. Bxd4 exd4 22. Qxe8+ Rxe8 23. Rxe8+ Kf7 24. Re4 Ne5 25. Rxd4 Nf3+ 26. Bxf3 Qxf3 27. Rd7+ Kg6 28. Re1 h5 29. Ree7 h4 30. Rxg7+ Kf5 31. Rde7 h3 32. g4+ Kf4 33. Re4+ 1-0

[Event "29th Czech Open-Rapid 2018"]
[Site "Pardubice"]
[Date "2018.07.19"]
[Round "5"]
[White "Roessler, Ulrike"]
[Black "Sinauridze, Simons"]
[Result "0-1"]
[ECO "B76"]
[WhiteElo "2137"]
[BlackElo "1962"]
[Annotator "NA"]
[PlyCount "96"]
[EventDate "2018.07.18"]
[EventType "swiss"]
[EventCountry "CZE"]
[SourceTitle "playchess.com"]
[Source "ChessBase"]
[SourceQuality "1"]
[TimeControl "900+10"]

1. e4 c5 2. Nf3 d6 3. d4 cxd4 4. Nxd4 Nf6 5. Nc3 g6 6. Be3 Bg7 7. f3 O-O 8. Qd2 Nc6 9. O-O-O d5 10. Qe1 e5 11. exd5 Nxd4 12. Bg5 Qc7 13. f4 Nxd5 14. Rxd4 exd4 15. Nxd5 Qc5 16. Nf6+ Bxf6 17. Bxf6 Bf5 18. Qd2 Rac8 19. Bd3 Rc6 20. Be5 f6 21. Bxf5 fxe5 22. Be4 Rc7 23. g3 exf4 24. gxf4 Qd6 25. Rf1 Rcf7 26. f5 gxf5 27. Qg2+ Rg7 28. Bd5+ Kh8 29. Qf3 Qxh2 30. Qa3 Rc8 31. Qd3 Qe5 32. Bb3 f4 33. a3 Rf8 34. Kb1 Qe3 35. Qb5 f3 36. Qc5 Qf4 37. Bc4 f2 38. Bd3 Rg1 39. Ka2 Rxf1 40. Bxf1 Qf6 41. Qxa7 Rf7 42. Qb8+ Kg7 43. Qg3+ Kh8 44. Qb8+ Rf8 45. Qc7 Qf7+ 46. Qxf7 Rxf7 47. Kb3 Re7 48. Kc4 Re1 0-1

[Event "29th Czech Open-Rapid 2018"]
[Site "Pardubice"]
[Date "2018.07.19"]
[Round "5"]
[White "Krouzel, Jaroslav"]
[Black "Nehyba, Martin"]
[Result "*"]
[ECO "A83"]
[WhiteElo "2132"]
[BlackElo "1947"]
[Annotator "NA"]
[PlyCount "49"]
[EventDate "2018.07.18"]
[EventType "swiss"]
[EventCountry "CZE"]
[SourceTitle "playchess.com"]
[Source "ChessBase"]
[SourceQuality "1"]
[TimeControl "900+10"]

1. d4 f5 2. e4 fxe4 3. Nc3 Nf6 4. Bg5 d6 5. Bxf6 exf6 6. Nxe4 d5 7. Ng3 Be6 8. Nf3 Bd6 9. Bd3 Nd7 10. O-O O-O 11. Qd2 c6 12. Rae1 Re8 13. c3 Nf8 14. Nh4 Qd7 15. Nhf5 Bc7 16. Re2 Ng6 17. Bc2 Bf4 18. Qd3 Bxg3 19. hxg3 Bxf5 20. Rxe8+ Rxe8 21. Qxf5 Qxf5 22. Bxf5 Re2 23. Rb1 Kf7 24. Kf1 Re8 25. Bd3 *

[Event "29th Czech Open-Rapid 2018"]
[Site "Pardubice"]
[Date "2018.07.19"]
[Round "5"]
[White "Tsvetkov, Andrey"]
[Black "Bogdanov, Egor"]
[Result "1-0"]
[ECO "E92"]
[WhiteElo "2124"]
[BlackElo "2410"]
[Annotator "NA"]
[PlyCount "91"]
[EventDate "2018.07.18"]
[EventType "swiss"]
[EventCountry "CZE"]
[SourceTitle "playchess.com"]
[Source "ChessBase"]
[SourceQuality "1"]
[TimeControl "900+10"]

1. d4 Nf6 2. c4 g6 3. Nc3 Bg7 4. e4 O-O 5. Nf3 d6 6. Be2 e5 7. Be3 Ng4 8. Bg5 f6 9. Bh4 g5 10. Bg3 Nh6 11. h3 Nc6 12. d5 Nd4 13. Nxd4 exd4 14. Qxd4 f5 15. Qd1 f4 16. Bh2 Be5 17. f3 Qf6 18. Qd2 Nf7 19. Bg1 Bd7 20. O-O-O a6 21. c5 Rfb8 22. cxd6 cxd6 23. Bb6 Rc8 24. Kb1 a5 25. Rc1 a4 26. a3 Nh8 27. Nb5 Rxc1+ 28. Rxc1 Rc8 29. Rxc8+ Bxc8 30. Qc2 Bd7 31. Nc7 Ng6 32. Ne6 Bxe6 33. dxe6 Kg7 34. Bc4 Nf8 35. Qxa4 d5 36. Bxd5 Kh6 37. Qb3 Ng6 38. Ba5 Nh4 39. Qxb7 Ng6 40. Qb3 Nh4 41. Bb4 Ng6 42. Qc2 Qd8 43. Qc6 Kh5 44. Qd7 Qh8 45. e7 Nxe7 46. Bxe7 1-0

[Event "29th Czech Open-Rapid 2018"]
[Site "Pardubice"]
[Date "2018.07.19"]
[Round "5"]
[White "Fedotov, Konstantin"]
[Black "Potapov, Alexander"]
[Result "0-1"]
[ECO "C23"]
[WhiteElo "2123"]
[BlackElo "2407"]
[Annotator "NA"]
[PlyCount "74"]
[EventDate "2018.07.18"]
[EventType "swiss"]
[EventCountry "CZE"]
[SourceTitle "playchess.com"]
[Source "ChessBase"]
[SourceQuality "1"]
[TimeControl "900+10"]

1. e4 e5 2. Bc4 Nc6 3. d3 Nf6 4. h3 Na5 5. Bb3 d5 6. exd5 Nxb3 7. axb3 Nxd5 8. Ne2 Bc5 9. O-O O-O 10. Nbc3 Be6 11. Ra4 Nxc3 12. bxc3 b5 13. Re4 Bd6 14. f4 Bd5 15. Re3 Re8 16. f5 a5 17. Rg3 Qd7 18. Bg5 Bf8 19. Qd2 Kh8 20. Rg4 f6 21. Be3 a4 22. bxa4 bxa4 23. c4 Bc6 24. Nc3 a3 25. Na2 Reb8 26. Qf2 Rb2 27. Ra1 Ba4 28. Qf3 Rab8 29. Nc3 Bxc2 30. c5 R2b3 31. Ne4 Rb1+ 32. Rxb1 Rxb1+ 33. Kh2 a2 34. Nxf6 Rh1+ 35. Kg3 gxf6 36. Qa8 Qf7 37. Bh6 a1=Q 0-1

[Event "29th Czech Open-Rapid 2018"]
[Site "Pardubice"]
[Date "2018.07.19"]
[Round "5"]
[White "Pein, Jonathan"]
[Black "Becker, Dirk"]
[Result "1/2-1/2"]
[ECO "C47"]
[WhiteElo "2123"]
[BlackElo "2288"]
[Annotator "NA"]
[PlyCount "108"]
[EventDate "2018.07.18"]
[EventType "swiss"]
[EventCountry "CZE"]
[SourceTitle "playchess.com"]
[Source "ChessBase"]
[SourceQuality "1"]
[TimeControl "900+10"]

1. e4 e5 2. Nf3 Nc6 3. Nc3 Nf6 4. d4 exd4 5. Nd5 Be7 6. Bf4 d6 7. Nxd4 Nxd5 8. exd5 Nxd4 9. Qxd4 O-O 10. Qd2 Bf6 11. O-O-O Bf5 12. f3 h6 13. g4 Bg6 14. Kb1 Bh4 15. Bd3 Qf6 16. Rhf1 Bxd3 17. cxd3 c5 18. Rg1 Bg5 19. Bxg5 hxg5 20. h4 gxh4 21. f4 Rae8 22. Rh1 Qd4 23. Rxh4 f5 24. Qh2 Kf7 25. Rh7 Qf6 26. Rg1 Rg8 27. a3 fxg4 28. Rxg4 Ke7 29. f5 Kd7 30. Rg6 Qe7 31. f6 Qe1+ 32. Ka2 Qe5 33. f7 Qxd5+ 34. b3 Qxf7 35. Qxd6+ Kc8 36. Rg2 Rd8 37. Qxc5+ Kb8 38. Qe5+ Ka8 39. Rgxg7 Rxg7 40. Qxg7 Qf2+ 41. Qb2 Qf8 42. Qg2 Rb8 43. d4 a6 44. Qc2 Qd6 45. Qe4 Qf6 46. a4 Qf2+ 47. Ka3 Qg1 48. Rh1 Qf2 49. Rc1 Qf6 50. Qe5 Qf8+ 51. Qc5 Qf6 52. Qe5 Qf8+ 53. Qc5 Qf6 54. Qe5 Qf8+ 1/2-1/2

[Event "29th Czech Open-Rapid 2018"]
[Site "Pardubice"]
[Date "2018.07.19"]
[Round "5"]
[White "Bystrov, Sergej Mikhailovich"]
[Black "Haase, Pavel"]
[Result "1-0"]
[ECO "E21"]
[WhiteElo "2121"]
[BlackElo "1975"]
[Annotator "NA"]
[PlyCount "139"]
[EventDate "2018.07.18"]
[EventType "swiss"]
[EventCountry "CZE"]
[SourceTitle "playchess.com"]
[Source "ChessBase"]
[SourceQuality "1"]
[TimeControl "900+10"]

1. d4 Nf6 2. Nf3 e6 3. c4 b6 4. Nc3 Bb7 5. a3 d5 6. cxd5 Nxd5 7. Qc2 c5 8. e4 Nxc3 9. bxc3 Be7 10. Bd3 O-O 11. O-O cxd4 12. cxd4 Nc6 13. Bb2 Rc8 14. Qe2 Bf6 15. e5 Be7 16. Rfd1 Na5 17. Rac1 Qd5 18. Rxc8 Rxc8 19. Rc1 Rxc1+ 20. Bxc1 h6 21. Qc2 Bc6 22. h3 b5 23. Qc3 Nc4 24. a4 a6 25. axb5 axb5 26. Ne1 Nb6 27. Bf1 b4 28. Qd3 Qa5 29. Qc2 Qa8 30. Nd3 Nd5 31. Bd2 Ba4 32. Qb2 Qb7 33. Nf4 Nxf4 34. Bxf4 Qc6 35. Qc1 b3 36. Qxc6 Bxc6 37. Bc1 Bd5 38. Bd3 Bb4 39. Bb2 Kf8 40. Kf1 Ke7 41. f3 Kd7 42. Ke2 Kc6 43. Be4 f5 44. exf6 gxf6 45. g4 Kd6 46. Kd3 f5 47. gxf5 exf5 48. Bxf5 Bxf3 49. Be4 Bh5 50. Kc4 Be1 51. Kxb3 Bf7+ 52. Kc2 Bd5 53. Kd3 Ke6 54. Bc1 h5 55. Bg5 Bg3 56. Ke3 Kd6 57. Bf4+ Bxf4+ 58. Kxf4 Be6 59. h4 Bg4 60. Kg5 Be2 61. Kf4 Bc4 62. Bf3 Bf7 63. Kg5 Bg8 64. Kxh5 Ke6 65. Kg6 Bf7+ 66. Kg5 Bg8 67. Be4 Bf7 68. h5 Be8 69. h6 Kf7 70. Bg6+ 1-0

[Event "29th Czech Open-Rapid 2018"]
[Site "Pardubice"]
[Date "2018.07.19"]
[Round "5"]
[White "Roenko, Artur"]
[Black "Chubar, Vladimir"]
[Result "1-0"]
[ECO "C10"]
[WhiteElo "2119"]
[BlackElo "1903"]
[Annotator "NA"]
[PlyCount "61"]
[EventDate "2018.07.18"]
[EventType "swiss"]
[EventCountry "CZE"]
[SourceTitle "playchess.com"]
[Source "ChessBase"]
[SourceQuality "1"]
[TimeControl "900+10"]

1. e4 e6 2. d4 d5 3. Nd2 dxe4 4. Nxe4 Bd7 5. Nf3 Bc6 6. Bd3 Nd7 7. O-O Be7 8. c4 Ngf6 9. Ng3 Bxf3 10. Qxf3 c6 11. Re1 O-O 12. b3 a5 13. Bb2 a4 14. Bc2 Re8 15. Qd3 axb3 16. axb3 Nf8 17. Rxa8 Qxa8 18. Ra1 Qb8 19. Qf3 Rd8 20. h4 Qc7 21. Bc3 Rb8 22. Bd2 b5 23. c5 Nd5 24. Be4 Rd8 25. Ra6 Bxh4 26. Ba5 Qc8 27. Bxd8 Bxg3 28. Ra2 Bxf2+ 29. Rxf2 f5 30. Bxd5 Qxd8 31. Qxf5 1-0

[Event "29th Czech Open-Rapid 2018"]
[Site "Pardubice"]
[Date "2018.07.19"]
[Round "5"]
[White "Slovak, Kilian"]
[Black "Dolezal, Radoslav"]
[Result "0-1"]
[ECO "C88"]
[WhiteElo "2113"]
[BlackElo "2339"]
[Annotator "NA"]
[PlyCount "110"]
[EventDate "2018.07.18"]
[EventType "swiss"]
[EventCountry "CZE"]
[SourceTitle "playchess.com"]
[Source "ChessBase"]
[SourceQuality "1"]
[TimeControl "900+10"]

1. e4 e5 2. Nf3 Nc6 3. Bb5 a6 4. Ba4 Nf6 5. O-O Be7 6. Re1 b5 7. Bb3 O-O 8. h3 Bb7 9. d3 d6 10. c3 Na5 11. Bc2 c5 12. d4 Nc6 13. d5 Nb8 14. Nbd2 c4 15. Nf1 Nbd7 16. Ng3 g6 17. Bh6 Re8 18. Qd2 Nf8 19. Kh2 N6d7 20. Nf1 Nc5 21. g4 Qc7 22. Ng3 Reb8 23. Rg1 Bc8 24. Nf5 a5 25. Nxe7+ Qxe7 26. Nh4 b4 27. Nf5 Bxf5 28. gxf5 bxc3 29. bxc3 Rb2 30. Qc1 Rab8 31. Bg5 f6 32. Be3 Qc7 33. fxg6 hxg6 34. Rg2 Kf7 35. f4 exf4 36. Bxf4 Nd3 37. Bxd3 Rxg2+ 38. Kxg2 cxd3 39. Be3 Qe7 40. Bd4 Qxe4+ 41. Kg3 Qxd5 42. Qf4 Qg5+ 43. Qxg5 fxg5 44. Rd1 Rb2 45. Rxd3 Rxa2 46. Rf3+ Ke7 47. Bf6+ Ke6 48. Bxg5 Nd7 49. h4 a4 50. c4 Rc2 51. Re3+ Ne5 52. Bf4 Rxc4 53. Bxe5 dxe5 54. Kh3 Rb4 55. Kg2 Rxh4 0-1

[Event "29th Czech Open-Rapid 2018"]
[Site "Pardubice"]
[Date "2018.07.19"]
[Round "5"]
[White "Kukelko, Alexey"]
[Black "Zhuravlev, Stepan"]
[Result "0-1"]
[ECO "C47"]
[WhiteElo "2109"]
[BlackElo "2206"]
[Annotator "NA"]
[PlyCount "96"]
[EventDate "2018.07.18"]
[EventType "swiss"]
[EventCountry "CZE"]
[SourceTitle "playchess.com"]
[Source "ChessBase"]
[SourceQuality "1"]
[TimeControl "900+10"]

1. e4 e5 2. Nf3 Nc6 3. Nc3 Nf6 4. Be2 g6 5. d4 exd4 6. Nxd4 d6 7. O-O Nxd4 8. Qxd4 Bg7 9. Bg5 h6 10. Be3 O-O 11. Qd2 Kh7 12. f4 Re8 13. e5 Ng4 14. Bxg4 Bxg4 15. h3 Be6 16. exd6 Qxd6 17. Qxd6 cxd6 18. Kf2 Rac8 19. Bd2 d5 20. Rac1 d4 21. Nb5 Bc4 22. Nd6 Re2+ 23. Kg3 Rxd2 24. Nxc8 Bxf1 25. Rxf1 Rxc2 26. Nxa7 Rxb2 27. Rf2 Rb4 28. Kf3 Kg8 29. Ke4 Rb1 30. Rd2 Re1+ 31. Kd5 Rf1 32. Nb5 Rxf4 33. Nd6 b6 34. Nc8 Rf5+ 35. Kd6 Bf8+ 36. Kc7 Rc5+ 37. Kb7 b5 38. Rxd4 Rc2 39. Rd8 Kg7 40. g4 Rxa2 41. Nb6 b4 42. Nc4 Rc2 43. Ne3 Rc3 44. Nd1 Rxh3 45. Kc6 Rg3 46. Rd4 b3 47. Kb5 Rg2 48. Rd3 Rxg4 0-1

[Event "29th Czech Open-Rapid 2018"]
[Site "Pardubice"]
[Date "2018.07.19"]
[Round "5"]
[White "Kolasa, Pjotrs"]
[Black "Ludvik, Tomas"]
[Result "1-0"]
[ECO "D45"]
[WhiteElo "2104"]
[BlackElo "1850"]
[Annotator "NA"]
[PlyCount "85"]
[EventDate "2018.07.18"]
[EventType "swiss"]
[EventCountry "CZE"]
[SourceTitle "playchess.com"]
[Source "ChessBase"]
[SourceQuality "1"]
[TimeControl "900+10"]

1. Nf3 Nf6 2. c4 e6 3. Nc3 d5 4. d4 c6 5. e3 Nbd7 6. Qc2 Bd6 7. Bd2 O-O 8. O-O-O dxc4 9. Bxc4 b5 10. Bd3 Bb7 11. e4 b4 12. Na4 c5 13. dxc5 Rc8 14. Bxb4 Nxc5 15. Nxc5 Qb6 16. Bc3 Bxc5 17. Kb1 Bb4 18. Bd4 Qa5 19. Qe2 Nd7 20. a3 Be7 21. Qd2 Qa4 22. Bc2 Rxc2 23. Qxc2 Qxc2+ 24. Kxc2 Bxe4+ 25. Kd2 Nc5 26. Ke3 f5 27. b4 f4+ 28. Ke2 Nb3 29. Bb2 Rc8 30. Nd4 Nxd4+ 31. Bxd4 Rc2+ 32. Rd2 f3+ 33. gxf3 Bxf3+ 34. Kxf3 Rxd2 35. Bxa7 Rd3+ 36. Be3 Rxa3 37. Rb1 Ra4 38. b5 Rb4 39. Rxb4 Bxb4 40. Ke4 Kf7 41. b6 Bd6 42. Bf4 Ke7 43. b7 1-0

[Event "29th Czech Open-Rapid 2018"]
[Site "Pardubice"]
[Date "2018.07.19"]
[Round "5"]
[White "Ruzicka, Josef"]
[Black "Balazec, Ludovit"]
[Result "1-0"]
[ECO "B23"]
[WhiteElo "2089"]
[BlackElo "1945"]
[Annotator "NA"]
[PlyCount "73"]
[EventDate "2018.07.18"]
[EventType "swiss"]
[EventCountry "CZE"]
[SourceTitle "playchess.com"]
[Source "ChessBase"]
[SourceQuality "1"]
[TimeControl "900+10"]

1. e4 c5 2. Nc3 a6 3. a4 d6 4. f4 Nf6 5. Nf3 Nc6 6. Bc4 Bg4 7. h3 Bxf3 8. Qxf3 Nd4 9. Qd1 e6 10. O-O Be7 11. Ba2 b5 12. d3 b4 13. Ne2 Nc6 14. f5 exf5 15. Rxf5 O-O 16. Qf1 Ne5 17. Be3 Rc8 18. Ng3 Ng6 19. Re1 Nh4 20. Rf4 Ng6 21. Rf2 d5 22. exd5 Nxd5 23. Nf5 Bf6 24. Bc1 Rc7 25. Kh1 Nh4 26. Ree2 Nb6 27. Bb3 c4 28. dxc4 Nxc4 29. Nxh4 Bxh4 30. Rf4 Nb6 31. Rxb4 Rd7 32. c3 Nd5 33. Rg4 h5 34. Rge4 Bf6 35. Rf2 Qb6 36. Bc4 Rc8 37. Bxa6 1-0

[Event "29th Czech Open-Rapid 2018"]
[Site "Pardubice"]
[Date "2018.07.19"]
[Round "5"]
[White "Chekletsov, Egor"]
[Black "Frolov, Artur"]
[Result "*"]
[ECO "A56"]
[WhiteElo "2082"]
[BlackElo "2327"]
[Annotator "NA"]
[PlyCount "98"]
[EventDate "2018.07.18"]
[EventType "swiss"]
[EventCountry "CZE"]
[SourceTitle "playchess.com"]
[Source "ChessBase"]
[SourceQuality "1"]
[TimeControl "900+10"]

1. d4 Nf6 2. c4 c5 3. Nf3 cxd4 4. Nxd4 Nc6 5. Nc3 g6 6. e3 Bg7 7. Be2 O-O 8. b3 d5 9. Nxc6 bxc6 10. Bb2 Ne4 11. Qc2 Bf5 12. Bd3 Qa5 13. Rc1 Rfd8 14. O-O Nxc3 15. Bxc3 Bxc3 16. Bxf5 Bd2 17. Rcd1 dxc4 18. Be4 cxb3 19. axb3 Rd6 20. Bd3 Bc3 21. Bc4 Rad8 22. Rxd6 exd6 23. Rc1 Bd2 24. Rd1 Bb4 25. e4 Qe5 26. Qd3 Re8 27. Qf3 Re7 28. g3 Kg7 29. Bd3 Re6 30. Qe2 f5 31. Qa2 fxe4 32. Qxa7+ Re7 33. Qb8 Bc5 34. Bc4 d5 35. Qxe5+ Rxe5 36. Ba6 Rf5 37. Rf1 Rf7 38. Kg2 Ra7 39. Bc8 Bb6 40. g4 Kf6 41. Rc1 Rc7 42. Ba6 Ke5 43. Kg3 Rf7 44. Rxc6 Rf3+ 45. Kg2 Rxf2+ 46. Kh1 Rf6 47. Rc8 d4 48. Kg2 d3 49. Re8+ Re6 *

[Event "29th Czech Open-Rapid 2018"]
[Site "Pardubice"]
[Date "2018.07.19"]
[Round "5"]
[White "Pacl, Vaclav"]
[Black "Alekseev, Mikhail"]
[Result "1/2-1/2"]
[ECO "A45"]
[WhiteElo "2077"]
[BlackElo "1752"]
[Annotator "NA"]
[PlyCount "102"]
[EventDate "2018.07.18"]
[EventType "swiss"]
[EventCountry "CZE"]
[SourceTitle "playchess.com"]
[Source "ChessBase"]
[SourceQuality "1"]
[TimeControl "900+10"]

1. d4 Nf6 2. Bg5 g6 3. Bxf6 exf6 4. e3 d5 5. g3 Bg7 6. Bg2 O-O 7. Ne2 c6 8. O-O Nd7 9. Nd2 f5 10. c4 Nf6 11. Nc3 dxc4 12. Nxc4 Be6 13. Qe2 Nd5 14. Rfc1 Nxc3 15. bxc3 Bd5 16. Rab1 b6 17. a4 Bxg2 18. Kxg2 Qd5+ 19. Kg1 c5 20. Na3 cxd4 21. cxd4 Rfc8 22. Qa6 Rxc1+ 23. Rxc1 Qa5 24. Qxa5 bxa5 25. Rc7 Bf8 26. Nc4 Bb4 27. Ne5 Bd6 28. Rd7 Bxe5 29. dxe5 Kg7 30. e6 Kf6 31. exf7 Kg7 32. Kg2 Rf8 33. Rxa7 Rxf7 34. Rxf7+ Kxf7 35. f4 Ke6 36. Kf3 Kd5 37. e4+ fxe4+ 38. Ke3 h6 39. h3 g5 40. fxg5 hxg5 41. h4 gxh4 42. gxh4 Ke5 43. h5 Kf5 44. h6 Kg6 45. h7 Kxh7 46. Kxe4 Kg6 47. Kd5 Kf6 48. Kc5 Ke6 49. Kb5 Kd7 50. Kxa5 Kc7 51. Ka6 Kb8 1/2-1/2

[Event "29th Czech Open-Rapid 2018"]
[Site "Pardubice"]
[Date "2018.07.19"]
[Round "5"]
[White "Joukl, Zdenek"]
[Black "Freisler, Pavel"]
[Result "0-1"]
[ECO "A46"]
[WhiteElo "2068"]
[BlackElo "2237"]
[Annotator "NA"]
[PlyCount "120"]
[EventDate "2018.07.18"]
[EventType "swiss"]
[EventCountry "CZE"]
[SourceTitle "playchess.com"]
[Source "ChessBase"]
[SourceQuality "1"]
[TimeControl "900+10"]

1. d4 Nf6 2. Nf3 e6 3. Bf4 b6 4. e3 Bb7 5. Nbd2 g6 6. Bd3 Bg7 7. O-O d6 8. a4 a5 9. h3 Nbd7 10. c3 Qe7 11. Nc4 O-O 12. Bh2 Ne4 13. Nfd2 Nxd2 14. Qxd2 e5 15. dxe5 dxe5 16. Rfd1 Nc5 17. Bc2 Rfd8 18. Qe1 Qg5 19. e4 f5 20. f3 fxe4 21. fxe4 Ne6 22. Rxd8+ Rxd8 23. Rd1 Rxd1 24. Qxd1 Nf4 25. Bxf4 exf4 26. Nd2 Bf8 27. Nf3 Bc5+ 28. Kh1 Qe7 29. Qd3 Kg7 30. h4 Qd6 31. Qxd6 Bxd6 32. Kg1 Kf6 33. Kf2 h6 34. Nd4 Bc5 35. Kf3 Ke5 36. Ne2 g5 37. Nc1 Bd6 38. hxg5 hxg5 39. Nd3+ Kf6 40. Nf2 Bc8 41. Ng4+ Ke7 42. Nf2 Bc5 43. Nd3 Be3 44. Ne5 Bc1 45. Nd3 Bd2 46. Ne5 Be6 47. Nc6+ Kd6 48. Nd4 Bd7 49. g4 fxg3 50. Kxg3 Bc1 51. Ne2 Bxb2 52. c4 Kc5 53. Ng1 Kxc4 54. Nf3 g4 55. Ng5 Be5+ 56. Kg2 Kb4 57. Nf7 Bf4 58. e5 Be6 59. Nd8 Bd5+ 60. Kf2 Bxe5 0-1

[Event "29th Czech Open-Rapid 2018"]
[Site "Pardubice"]
[Date "2018.07.19"]
[Round "5"]
[White "Holy, Filip"]
[Black "Bueble, Joschua"]
[Result "1-0"]
[ECO "E21"]
[WhiteElo "2042"]
[BlackElo "1682"]
[Annotator "NA"]
[PlyCount "51"]
[EventDate "2018.07.18"]
[EventType "swiss"]
[EventCountry "CZE"]
[SourceTitle "playchess.com"]
[Source "ChessBase"]
[SourceQuality "1"]
[TimeControl "900+10"]

1. d4 Nf6 2. Nf3 e6 3. c4 Bb4+ 4. Nc3 c5 5. dxc5 Nc6 6. g3 Ne4 7. Qc2 Nxc3 8. bxc3 Bxc5 9. Bg2 b6 10. O-O O-O 11. Rd1 Bb7 12. Ng5 f5 13. Nxe6 Qf6 14. Nxf8 Rxf8 15. Rxd7 Ba6 16. Qd2 Bxc4 17. Bd5+ Bxd5 18. Qxd5+ Rf7 19. Rxf7 Qxf7 20. Qxc6 Qe7 21. Qc8+ Kf7 22. Qxf5+ Kg8 23. Be3 Bxe3 24. fxe3 Qxe3+ 25. Qf2 Qxc3 26. Rf1 1-0

[Event "29th Czech Open-Rapid 2018"]
[Site "Pardubice"]
[Date "2018.07.19"]
[Round "5"]
[White "Yakimenko, Alexander A"]
[Black "Rosko, Lubos"]
[Result "0-1"]
[ECO "A62"]
[WhiteElo "2037"]
[BlackElo "2294"]
[Annotator "NA"]
[PlyCount "78"]
[EventDate "2018.07.18"]
[EventType "swiss"]
[EventCountry "CZE"]
[SourceTitle "playchess.com"]
[Source "ChessBase"]
[SourceQuality "1"]
[TimeControl "900+10"]

1. d4 Nf6 2. c4 c5 3. d5 e6 4. Nc3 exd5 5. cxd5 d6 6. Nf3 g6 7. g3 Bg7 8. Bg2 O-O 9. O-O Re8 10. Nd2 Nbd7 11. h3 a6 12. a4 Rb8 13. Nc4 Ne5 14. Na3 Nh5 15. f4 Nxg3 16. fxe5 Bxe5 17. Bf4 Qh4 18. Qd2 Nxf1 19. Rxf1 Bxh3 20. Nc4 Qg4 21. e3 Bxc3 22. bxc3 g5 23. Bxd6 Rbd8 24. Bc7 Qxg2+ 25. Qxg2 Bxg2 26. Kxg2 Rxd5 27. a5 Kg7 28. Rb1 Re4 29. Nd6 Rxe3 30. Rxb7 Rd2+ 31. Kf1 Rxc3 32. Ne8+ Kf8 33. Ke1 Ra2 34. Kd1 Kxe8 35. Be5 Rd3+ 36. Kc1 Re3 37. Kb1 Rg2 38. Bb2 Re1+ 39. Ka2 Ree2 0-1

[Event "29th Czech Open-Rapid 2018"]
[Site "Pardubice"]
[Date "2018.07.19"]
[Round "5"]
[White "Zdrazil, Tomas"]
[Black "Mojzis, Jaroslav"]
[Result "0-1"]
[ECO "C95"]
[WhiteElo "2017"]
[BlackElo "2135"]
[Annotator "NA"]
[PlyCount "98"]
[EventDate "2018.07.18"]
[EventType "swiss"]
[EventCountry "CZE"]
[SourceTitle "playchess.com"]
[Source "ChessBase"]
[SourceQuality "1"]
[TimeControl "900+10"]

1. e4 e5 2. Nf3 Nc6 3. Bb5 a6 4. Ba4 Nf6 5. O-O Be7 6. Re1 b5 7. Bb3 d6 8. c3 O-O 9. h3 Nb8 10. d4 Nbd7 11. Nbd2 Bb7 12. Bc2 Re8 13. b4 Bf8 14. a4 g6 15. d5 c6 16. dxc6 Bxc6 17. Nb3 Nb6 18. Na5 Bd7 19. axb5 axb5 20. Be3 Qc7 21. Ra3 Rad8 22. Bg5 Bg7 23. Qe2 Rc8 24. Bd3 Nc4 25. Nxc4 bxc4 26. Bc2 Ra8 27. Rea1 Rxa3 28. Rxa3 h6 29. Be3 Qc6 30. Nd2 Be6 31. Ba4 Qa8 32. Nxc4 Rd8 33. Bd7 Qxe4 34. Bxe6 fxe6 35. Nd2 Qc2 36. Qc4 Qc1+ 37. Kh2 Qxa3 38. Qxe6+ Kh7 39. Bb6 Re8 40. Qf7 Rf8 41. Qc4 Qc1 42. Be3 Qc2 43. Qc6 d5 44. b5 d4 45. cxd4 Qxc6 46. bxc6 Rc8 47. dxe5 Nd5 48. Bd4 Rxc6 49. f4 Nxf4 0-1

[Event "29th Czech Open-Rapid 2018"]
[Site "Pardubice"]
[Date "2018.07.19"]
[Round "5"]
[White "Khmelev, Mikhail"]
[Black "Maslak, Alexander"]
[Result "0-1"]
[ECO "B31"]
[WhiteElo "1977"]
[BlackElo "2069"]
[Annotator "NA"]
[PlyCount "116"]
[EventDate "2018.07.18"]
[EventType "swiss"]
[EventCountry "CZE"]
[SourceTitle "playchess.com"]
[Source "ChessBase"]
[SourceQuality "1"]
[TimeControl "900+10"]

1. e4 c5 2. Nf3 Nc6 3. Bb5 g6 4. O-O Bg7 5. Re1 Nf6 6. c3 O-O 7. d4 d5 8. e5 Ne4 9. Nbd2 cxd4 10. cxd4 Qb6 11. Bxc6 Qxc6 12. Nxe4 dxe4 13. Nd2 Rd8 14. b3 Rxd4 15. Bb2 Rd3 16. Qe2 Bf5 17. Rac1 Qd5 18. Nxe4 Rd8 19. f4 h5 20. h3 Bxe4 21. Qxe4 Qxe4 22. Rxe4 Rd2 23. Bc3 Rxa2 24. Rc4 Rd7 25. Rd4 Rc7 26. Rc4 Rxc4 27. bxc4 Bh6 28. g3 h4 29. Be1 a5 30. Rb1 a4 31. g4 Bxf4 32. Bxh4 g5 33. Bf2 Bxe5 34. Rxb7 Rc2 35. Rxe7 Bf6 36. Re8+ Kg7 37. Ra8 Rxc4 38. Kg2 Bd4 39. Bxd4+ Rxd4 40. Ra6 Rb4 41. Kf2 Kf8 42. Ra5 f6 43. Ra7 Ke8 44. Ra6 Ke7 45. Ra7+ Ke6 46. Ra6+ Ke5 47. Ra5+ Ke4 48. Rf5 a3 49. Ra5 Rb3 50. Ra4+ Kd3 51. Ra6 Kc2 52. Rxf6 Rxh3 53. Kg2 Rb3 54. Rf2+ Kc3 55. Kf3 Rb4 56. Kg3 Kb3 57. Rf3+ Ka4 58. Rf2 Rb3+ 0-1